 Dungeon Crawl Stone Soup version 0.13-b1-41-gf166b9b (webtiles) character file.

381 Lilouch the Slasher (level 5, -1/41 HPs)
             Began as a Mummy Fighter on Oct 8, 2013.
             Killed from afar by an orc wizard (12 damage)
             ... with a puff of flame
             ... on Level 3 of the Dungeon.
             The game lasted 00:16:52 (10520 turns).

Lilouch the Slasher (Mummy Fighter)                Turns: 10520, Time: 00:16:52

HP  -1/41        AC  7     Str 20      XL: 5   Next: 27%
MP   4/4         EV  2     Int  7      God:
Gold 209         SH 18     Dex 11      Spells:  0 memorised,  4 levels left

Res.Fire  : x . .   See Invis. : .   a - +0 falchion
Res.Cold  : + . .   Warding    : .   j - +0 elf scale mail
Life Prot.: + + +   Conserve   : .   c - +0 shield
Res.Poison: +       Res.Corr.  : .   m - +0 helmet
Res.Elec. : .       Clarity    : .   (no cloak)
Sust.Abil.: . .     Spirit.Shd : .   (no gloves)
Res.Mut.  : .       Stasis     : .   (no boots)
Res.Rott. : +       Flight     : .   (no amulet)
Saprovore : . . .                    E - cursed -4 ring of evasion
                                     h - ring of positive energy {unknown}

@: slightly resistant to hostile enchantments, extremely unstealthy
A: no food or potions, fire vulnerability, restore body, cold resistance 1, life
protection 3, poison resistance, torment resistance, unbreathing
a: no special abilities


You were on level 3 of the Dungeon.
You were not hungry.

You visited 1 branch of the dungeon, and saw 3 of its levels.

You collected 189 gold pieces.

Inventory:

Hand weapons
 a - a +0,+0 falchion (weapon)
 F - a +0,+0 orcish club of chaos
 G - a +1,+0 orcish dagger of chaos
Missiles
 b - 73 stones
 f - 23 darts (quivered)
 i - 19 arrows
 l - 30 sling bullets
 H - a poisoned needle
Armour
 c - a +0 shield (worn)
 j - a +0 elven scale mail (worn)
 m - a +0 helmet (worn)
Comestibles
 p - an apple
 u - a meat ration
 v - 2 bread rations
Scrolls
 d - a scroll of magic mapping {unknown}
 e - a scroll of teleportation
 g - a scroll of identify {unknown}
 k - a scroll of curse jewellery {unknown}
 n - a scroll of curse weapon {unknown}
 o - a scroll of remove curse {unknown}
 t - a scroll of random uselessness {unknown}
 y - 2 scrolls of fog
 B - a scroll of curse armour {unknown}
Jewellery
 h - a ring of positive energy (left hand) {unknown}
 E - a cursed -4 ring of evasion (right hand)
Potions
 q - a potion of degeneration {unknown}
 r - a potion of poison {unknown}
 s - a potion of paralysis {unknown}
 x - a potion of curing {unknown}
 z - a potion of mutation {unknown}
 A - a potion of magic {unknown}
 C - a potion of heal wounds {unknown}
 D - a potion of flight {unknown}


   Skills:
 - Level 3.1 Fighting
 * Level 3.3 Long Blades
 + Level 3.1 Armour
 + Level 3.2 Shields


You had 4 spell levels left.
You didn't know any spells.

Dungeon Overview and Level Annotations

Branches:
Dungeon (3/27)

Altars:
Fedhas
Xom


Innate Abilities, Weirdness & Mutations

You do not eat or drink.
Your flesh is vulnerable to fire.
Your flesh is cold resistant.
You are immune to negative energy.
Your system is resistant to poisons.
You are immune to unholy pain and torment.
You can survive without breathing.


Message History

The magic dart hits you!
The orc wizard casts a spell.
The orc wizard flickers and vanishes!
Deactivating autopickup; reactivate with Ctrl-A.
You hit it but do no damage.
You hear some strange, mumbled words.
A puff of flame appears from out of thin air!
The puff of flame hits you! The fire burns you terribly!
It hits you but does no damage.
You closely miss it.
You hear some strange, mumbled words.
The puff of frost hits you! You resist.
* * * LOW HITPOINT WARNING * * *
It hits you but does no damage.
You miss it. It hits you.
* * * LOW HITPOINT WARNING * * *
You hear some strange, mumbled words.
A puff of flame appears from out of thin air!
The puff of flame hits you! The fire burns you terribly!
You die...

###....# #..... #.#....##
. #..... ≈^#.....# #.
######..... ≈≈#....## . ..
............ %§#.#### .._
.# ######..... ^≈#.# ....
.# ##.### #...# #... .#
#.## ≈.#..# #..
###.####### #..# #.##.#
#.##.@........#####.## )##
.#
######............o(#.....
#≈# +#
#.%...............#)#.....
..#
#.####............#(#.....
### +.
#............#.#..... # ##
#............#.#...<> #
#......>.....#......)
################.....
######


There were no monsters in sight!

Vanquished Creatures
  The ghost of hurdos the Charmwright, a weakling DgSk (D:3)
  5 adders
  8 orcs (D:3)
  5 bats
  3 giant cockroaches
  14 goblins
  8 hobgoblins
  10 jackals
  A quokka (D:1)
  2 ball pythons
  A giant gecko (D:2)
  3 giant newts (D:1)
  6 kobolds
  12 rats
79 creatures vanquished.

Vanquished Creatures (others)
  A giant newt (D:3)
1 creature vanquished.

Grand Total: 80 creatures vanquished

Notes
Turn   | Place    | Note
--------------------------------------------------------------
     0 | D:1      | Lilouch, the Mummy Fighter, began the quest for the Orb.
     0 | D:1      | Reached XP level 1. HP: 18/18 MP: 0/0
   209 | D:1      | Reached XP level 2. HP: 17/24 MP: 1/1
   848 | D:1      | Reached XP level 3. HP: 30/30 MP: 2/2
  3115 | D:1      | Reached XP level 4. HP: 34/36 MP: 3/3
  7017 | D:1      | Noticed a deep elf knight
  7301 | D:1      | Noticed a deep elf fighter
  9520 | D:3      | Found a shimmering altar of Xom.
  9796 | D:3      | Noticed hurdos' ghost (weakling DgSk)
  9821 | D:3      | Killed hurdos' ghost
  9821 | D:3      | Reached XP level 5. HP: 25/41 MP: 4/4
 10431 | D:3      | Found a blossoming altar of Fedhas.
 10520 | D:3      | Killed from afar by an orc wizard

Action                   |  1- 3 |  4- 6 || total
-------------------------+-------+-------++-------
Melee: Falchion          |   172 |   196 ||   368
  Use: Scroll            |       |     2 ||     2
 Stab: Invisible         |       |     3 ||     3
